 Dungeon Crawl Stone Soup version 0.20-a0-454-g2b43fbb (webtiles) character file.

2349 Banto the Basher (level 9, -1/54 HPs)
             Began as a Human Skald on Jan 9, 2017.
             Was an Initiate of Okawaru.
             Slain by a killer bee (5 damage)
             ... on level 7 of the Dungeon.
             The game lasted 00:10:18 (7906 turns).

Banto the Basher (Human Skald)                      Turns: 7906, Time: 00:10:18

Health: -1/54      AC:  6    Str: 22    XL:     9   Next: 71%
Magic:  8/12       EV: 12    Int: 14    God:    Okawaru [......]
Gold:   123        SH:  0    Dex: 15    Spells: 4/12 levels left

rFire  . . .     SeeInvis .     l - +0 morningstar
rCold  + . .     Gourm    .     b - +0 leather armour
rNeg   . . .     Faith    .     (no shield)
rPois  +         Spirit   .     y - +1 hat of the King {MR++ Str+6 Stlth-}
rElec  .         Reflect  .     u - +1 cloak {rPois}
rCorr  .         Harm     .     (no gloves)
MR     ++...                    (no boots)
Stlth  ..........               r - amulet of rage
                                k - ring of protection from cold
                                i - +2 ring of strength

@: no status effects
A: frail 1, poison resistance, strong 1
a: Renounce Religion, Evoke Berserk Rage


You were on level 7 of the Dungeon.
You worshipped Okawaru.
Okawaru was noncommittal.
You were not hungry.

You visited 2 branches of the dungeon, and saw 8 of its levels.

You collected 411 gold pieces.
You spent 288 gold pieces at shops.

Inventory:

Hand Weapons
 l - a +0 morningstar (weapon)
Missiles
 n - 2 curare-tipped needles
Armour
 b - a +0 leather armour (worn)
 u - a +1 cloak of poison resistance (worn)
 y - the +1 hat of the King (worn) {MR++ Str+6 Stlth-}
   (You bought it in a shop on level 5 of the Dungeon)

   It affects your strength (+6).
   It affects your resistance to hostile enchantments.
   It makes you less stealthy.
Jewellery
 i - a +2 ring of strength (left hand)
 k - a ring of protection from cold (right hand)
 m - an uncursed ring of protection from cold
 r - an amulet of rage (around neck)
 v - an uncursed ring of protection from magic
Wands
 s - a wand of acid (4/15)
Scrolls
 e - 7 scrolls of remove curse
 q - 2 scrolls of magic mapping
 t - a scroll of recharging
 z - a scroll of teleportation
Potions
 a - a potion of flight
 f - a potion of haste
 g - 4 potions of curing
 h - a potion of resistance
 o - a potion of brilliance
 w - a potion of might
 B - a potion of berserk rage {unknown}
Books
 A - the Tome of the Dusty Glacier
   (You found it on level 6 of the Dungeon)

   Spells                             Type                      Level
   a - Sandblast                      Earth                        1
   b - Stone Arrow                    Conjuration/Earth            3
   c - Leda's Liquefaction            Hexes/Earth                  4
   d - Iron Shot                      Conjuration/Earth            6
   e - Simulacrum                     Ice/Necromancy               6
Comestibles
 c - a slice of pizza
 d - 12 bread rations
 j - 5 meat rations
 p - 4 fruits
 x - a beef jerky


   Skills:
 - Level 2.0 Fighting
 + Level 10.9 Maces & Flails
 - Level 1.0 Armour
 - Level 2.0 Dodging
 - Level 2.0 Spellcasting
 - Level 4.0 Hexes
 - Level 5.1 Charms


You had 4 spell levels left.
You knew the following spells:

 Your Spells              Type           Power        Failure   Level  Hunger
a - Infusion              Chrm           ###.         3%          1    ##.....
b - Song of Slaying       Chrm           ###.....     6%          2    ###....
c - Spectral Weapon       Hex/Chrm       ##......     14%         3    ####...
d - Shroud of Golubria    Chrm/Tloc      #.........   14%         2    ###....


Dungeon Overview and Level Annotations

Branches:
Dungeon (7/15)             Temple (1/1) D:7

Altars:
Ashenzari
Cheibriados
Elyvilon
Fedhas
Gozag
Hepliaklqana
Kikubaaqudgha
Makhleb
Nemelex Xobeh
Okawaru
Ru
Sif Muna
Trog
Vehumet
Zin
The Shining One

Shops:
D:5 [


Innate Abilities, Weirdness & Mutations

You are frail. (-10% HP)
Your system is resistant to poisons. (rPois)
Your muscles are strong. (Str +2)


Message History

* * * LOW HITPOINT WARNING * * *
The orc throws a tomahawk.
The tomahawk hits your spectral weapon.
Your spectral weapon shares its damage with you!
* * * LOW HITPOINT WARNING * * *
The giant cockroach bites you.
* * * LOW HITPOINT WARNING * * *
The killer bee stings you.
* * * LOW HITPOINT WARNING * * *
You take 6 damage, and have 5/54 hp.
You hit the killer bee but do no damage.
Your spectral weapon closely misses the killer bee.
The orc throws a tomahawk.
The tomahawk hits your spectral weapon.
The killer bee stings you but does no damage.
The giant cockroach closely misses you.
You feel better. The killer bee stings you.
* * * LOW HITPOINT WARNING * * *
The giant cockroach bites you.
* * * LOW HITPOINT WARNING * * *
The killer bee stings you.
You die...

..............#.#...###
.....###......#.#.#.#..
....#.##......#.#.#.#.#
....+.##......#.#.#.#.# #
....#.######......#.#.# ...
....#.######..#.###.#s#.....
...........>.oo)............
....#.######..#(###.#.#.....
....#.### #..#y@s..#.# ###
........# #..#######.#
#####.#.# ...# .# ....รท.#.#
....# .# ##.##.#.# ...# .#
.. ..... ....# .# . #.#.#
#.#.# #.#.#


You could see a killer bee, an orc wizard, an orc, a giant cockroach and a
friendly spectral morningstar.

Vanquished Creatures
  Grinder (D:6)
  A spriggan (D:7)
  2 orc warriors (D:7)
  An ice beast (D:7)
  An ogre (D:4)
  2 phantoms
  A centaur (D:5)
  2 scorpions
  A killer bee (D:7)
  4 howler monkeys
  3 crimson imps
  6 hounds
  A jelly (D:5)
  2 orc priests
  A gnoll shaman (D:4)
  A bullfrog skeleton (D:5)
  A centaur skeleton (D:7)
  5 orc wizards
  4 worker ants
  3 hound skeletons
  A worker ant zombie (D:6)
  4 gnolls (D:4)
  10 adders
  A shadow imp (D:6)
  5 oozes
  5 adder skeletons
  6 worms
  A dart slug (D:3)
  5 leopard geckos
  16 orcs
  2 ball pythons
  7 bats
  9 giant cockroaches
  4 goblins (D:2)
  13 hobgoblins
  24 jackals
  8 kobolds
  5 quokkas
  7 frilled lizards
  9 rats
185 creatures vanquished.

Vanquished Creatures (others)
  3 spectral weapons
3 creatures vanquished.

Grand Total: 188 creatures vanquished

Notes
Turn   | Place    | Note
-------+----------+-------------------------------------------
     0 | D:1      | Banto the Human Skald began the quest for the Orb.
     0 | D:1      | Reached XP level 1. HP: 16/16 MP: 3/3
     1 | D:1      | Found a runed door.
    69 | D:1      | Reached XP level 2. HP: 14/22 MP: 0/5
   321 | D:1      | Reached XP level 3. HP: 17/27 MP: 2/6
   445 | D:1      | Learned a level 2 spell: Song of Slaying
   449 | D:1      | Learned a level 3 spell: Spectral Weapon
  1122 | D:2      | Reached skill level 1 in Hexes
  1122 | D:2      | Reached XP level 4. HP: 23/33 MP: 3/7
  1617 | D:2      | Found a deep blue altar of Sif Muna.
  1856 | D:2      | Reached XP level 5. HP: 38/38 MP: 5/8
  2739 | D:3      | Gained mutation: You are frail. (-10% HP) [potion of mutation]
  2739 | D:3      | Gained mutation: Your system is resistant to poisons. (rPois) [potion of mutation]
  2739 | D:3      | Gained mutation: Your muscles are strong. (Str +2) [potion of mutation]
  2964 | D:3      | Found a shattered altar of Ashenzari.
  3226 | D:3      | Found a faded altar of an unknown god.
  3447 | D:3      | Reached XP level 6. HP: 37/39 MP: 9/9
  3612 | D:3      | Reached skill level 5 in Charms
  3851 | D:4      | Reached skill level 3 in Maces & Flails
  4168 | D:4      | Noticed a phantom
  4179 | D:4      | Killed a phantom
  4179 | D:4      | Reached XP level 7. HP: 32/45 MP: 7/10
  4272 | D:4      | Reached skill level 4 in Maces & Flails
  5071 | D:3      | Reached skill level 5 in Maces & Flails
  5443 | D:4      | Learned a level 2 spell: Shroud of Golubria
  5520 | D:4      | Reached XP level 8. HP: 21/50 MP: 4/11
  5722 | D:4      | Reached skill level 6 in Maces & Flails
  6187 | D:5      | Entered Level 5 of the Dungeon
  6273 | D:5      | Reached skill level 7 in Maces & Flails
  6713 | D:5      | Found Jat Gys's Antique Armour Emporium.
  6737 | D:5      | Bought a warped hat for 288 gold pieces
  6742 | D:5      | Identified the +1 hat of the King {MR++ Str+6 Stlth-} (You bought it in a shop on level 5 of the Dungeon)
  6850 | D:5      | Reached skill level 8 in Maces & Flails
  6903 | D:6      | Noticed Grinder
  6920 | D:6      | Killed Grinder
  6920 | D:6      | Reached XP level 9. HP: 32/54 MP: 9/12
  7086 | D:6      | Reached skill level 9 in Maces & Flails
  7362 | D:6      | Identified the Tome of the Dusty Glacier
  7474 | D:7      | Reached skill level 10 in Maces & Flails
  7608 | D:7      | Found a staircase to the Ecumenical Temple.
  7659 | Temple   | Entered the Ecumenical Temple
  7845 | Temple   | Became a worshipper of Warmaster Okawaru
  7906 | D:7      | Slain by a killer bee

Vault maps used:
D:1:      dpeg_arrival_caged_fury, supply_closet_lemuel, st_stairs_12,
          hangedman_abyss_or_decor_lesser_grid
D:2:      lemuel_blue_sif_altar, first_bread
D:3:      ashenzari_conservatory_becter, chequers_ecumenical_altar_island,
          grunt_ministairs_12
D:4:      minmay_opposing_rooms
D:5:      serial_shops, nicolae_shop_overgrown_old_shop
D:6:      uniq_grinder
D:7:      chequers_temple_overflow_minitemple, the_bakery
Temple:   eino_narrow_crystal_temple

Skill      XL: |  1  2  3  4  5  6  7  8  9 |
---------------+----------------------------+-----
Hexes          | 1 2 4 |  4.0
Charms         | 4 5 |  5.1
Maces & Flails | 3 5 8 10 | 10.9
Fighting       | |  2.0
Armour         | |  1.0
Dodging        | |  2.0
Spellcasting   | |  2.0

Action                   |  1- 3 |  4- 6 |  7- 9 || total
-------------------------+-------+-------+-------++-------
Melee: Mace              |    84 |    21 |       ||   105
       Morningstar       |       |   193 |   279 ||   472
 Cast: Infusion          |    14 |    13 |     8 ||    35
       Spectral Weapon   |       |    13 |    23 ||    36
  Use: Scroll            |       |    10 |     6 ||    16
       Potion            |       |     1 |     3 ||     4
 Stab: Sleeping          |     1 |       |       ||     1
  Eat: Chunk             |     1 |    13 |    16 ||    30
Armor: Leather armour    |    24 |    47 |    68 ||   139
Dodge: Dodged            |    58 |   169 |   183 ||   410

Table legend:
 A = Turns spent in this place as a percentage of turns spent in the entire game.
 B = Non-inter-level travel turns spent in this place as a percentage of non-inter-level travel turns spent in the entire game.
 C = Inter-level travel turns spent in this place as a percentage of turns spent in this place.
 D = Turns resting spent in this place as a percentage of non-inter-level travel turns spent in this place.
 E = Turns spent auto-exploring this place as a percentage of non-inter-level travel turns spent in this place.
 F = Non-inter-level travel turns spent in this place divided by the number of levels of this place that you've seen.
                   A       B       C       D       E      F
               +-------+-------+-------+-------+-------+----------------------
         Total | 100.0 | 100.0 |   0.6 |   7.0 |  11.1 | 271.4
       Dungeon |  99.2 |  99.3 |   0.6 |   7.1 |  10.5 | 307.9
        Temple |   0.8 |   0.7 |  11.1 |   0.0 |  87.5 |  16.0
               +-------+-------+-------+-------+-------+----------------------

Table legend:
 A = Kills in this place as a percentage of kills in entire the game.
 B = Kills by you in this place as a percentage of kills by you in the entire game.
 C = Kills by friends in this place as a percentage of kills by friends in the entire game.
 D = Other kills in this place as a percentage of other kills in the entire game.
 E = Experience gained in this place as a percentage of experience gained in the entire game.
 F = Experience gained in this place divided by the number of levels of this place that you have seen.
                   A       B       C       D       E      F
               +-------+-------+-------+-------+-------+----------------------
         Total | 100.0 | 100.0 |  -nan |  -nan | 100.0 | 419.6
       Dungeon | 100.0 | 100.0 |  -nan |  -nan | 100.0 | 479.6
               +-------+-------+-------+-------+-------+----------------------
